[Event "DVM U14 2019"]
[Site "Magedburg"]
[Date "2019.12.28"]
[Round "3"]
[White "Kazimov, Alis"]
[Black "Duduka, Artem"]
[Result "0-1"]
[ECO "C50"]
[WhiteElo "1362"]
[BlackElo "1578"]
[Annotator "NA RC"]
[PlyCount "48"]
[EventDate "2019.12.27"]
[EventType "team-tourn"]
[EventRounds "7"]
[EventCountry "GER"]
[SourceTitle "playchess.com"]
[Source "ChessBase"]
[SourceQuality "1"]
[WhiteTeam "SG Porz"]
[BlackTeam "SF Nordost Berlin"]
[WhiteTeamCountry "GER"]
[BlackTeamCountry "UKR"]
[TimeControl "40/5400+30:1800+30"]

1. e4 e5 2. Nf3 Nc6 3. Bc4 Be7 4. Nc3 Nf6 5. O-O O-O 6. d4 d6 7. d5 Nb8 8. Ne1 Nbd7 9. b4 Nb6 10. Be2 c6 11. dxc6 bxc6 12. Nd3 Qc7 13. f4 Ba6 14. Nf2 Bxe2 15. Qxe2 Rad8 16. Ng4 Nxg4 17. Qxg4 d5 18. f5 f6 19. Rf3 Bxb4 20. Ne2 Bc5+ 21. Be3 Bxe3+ 22. Rxe3 dxe4 23. Qxe4 Nd5 24. Qc4 {[%emt 0:01:00] normal} Qb6 {[%emt 0:00:18] normal} 0-1

[Event "DVM U14 2019"]
[Site "Magedburg"]
[Date "2019.12.28"]
[Round "4"]
[White "Weihrauch, Jakob"]
[Black "Zeuner, Ole"]
[Result "1-0"]
[ECO "C55"]
[WhiteElo "2169"]
[BlackElo "1794"]
[Annotator "NA"]
[PlyCount "71"]
[EventDate "2019.12.27"]
[EventType "team-tourn"]
[EventRounds "7"]
[EventCountry "GER"]
[SourceTitle "playchess.com"]
[Source "ChessBase"]
[SourceQuality "1"]
[WhiteTeam "Hamburger SK"]
[BlackTeam "Schachzwerge Magdeburg"]
[WhiteTeamCountry "GER"]
[BlackTeamCountry "GER"]
[TimeControl "40/5400+30:1800+30"]

1. e4 e5 2. Nf3 Nc6 3. Bc4 Nf6 4. d3 h6 5. h3 d6 6. Nbd2 g6 7. O-O Bg7 8. Re1 O-O 9. Nf1 Qe7 10. Ng3 Be6 11. Bxe6 Qxe6 12. c3 Rad8 13. d4 exd4 14. cxd4 d5 15. e5 Nd7 16. Ne2 Nb6 17. Nf4 Qe7 18. Qd3 Nb4 19. Qb1 Nc6 20. Bd2 Nc4 21. Bc3 g5 22. Nh5 Qe6 23. h4 g4 24. Nh2 b5 25. b3 Nb6 26. Qd1 Qf5 27. Nxg4 Kh8 28. Ngf6 Bxf6 29. Nxf6 Nd7 30. Re3 b4 31. Rf3 Qg6 32. Rg3 Qf5 33. Qc1 Nxf6 34. Qxh6+ Qh7 35. Qxf6+ Qg7 36. Qxg7# {[%emt 0:00:05] normal} 1-0

[Event "DVM U14 2019"]
[Site "Magedburg"]
[Date "2019.12.28"]
[Round "4"]
[White "von Krosigk, Florian"]
[Black "Morgenstern, Tobias"]
[Result "0-1"]
[ECO "C77"]
[WhiteElo "1984"]
[BlackElo "1943"]
[Annotator "NA"]
[PlyCount "70"]
[EventDate "2019.12.27"]
[EventType "team-tourn"]
[EventRounds "7"]
[EventCountry "GER"]
[SourceTitle "playchess.com"]
[Source "ChessBase"]
[SourceQuality "1"]
[WhiteTeam "Hamburger SK"]
[BlackTeam "Schachzwerge Magdeburg"]
[WhiteTeamCountry "GER"]
[BlackTeamCountry "GER"]
[TimeControl "40/5400+30:1800+30"]

1. e4 e5 2. Nf3 Nc6 3. Bb5 a6 4. Ba4 Nf6 5. d3 d6 6. O-O b5 7. Bb3 Na5 8. Bd2 Nxb3 9. axb3 Be7 10. b4 O-O 11. Nc3 c6 12. h3 Qc7 13. Re1 h6 14. d4 Be6 15. Be3 Rfd8 16. Qe2 Bc4 17. Qd2 c5 18. b3 exd4 19. bxc4 dxe3 20. Rxe3 cxb4 21. Na2 Qxc4 22. Nxb4 Nxe4 23. Qe1 d5 24. Nxd5 Qxd5 25. Rxe4 Bf6 26. Ra3 Qc5 27. Ra2 Bc3 28. Qe2 a5 29. Ne5 f5 30. Re3 Bd4 31. Nd7 Qd5 32. Rxa5 Qxd7 33. Re7 Bxf2+ 34. Kxf2 Qd4+ 35. Kg3 Qd6+ {[%emt 0:00:47] normal} 0-1

[Event "DVM U14 2019"]
[Site "Magedburg"]
[Date "2019.12.28"]
[Round "4"]
[White "Schubert, Nikita"]
[Black "Hommer, Jeremy"]
[Result "1/2-1/2"]
[ECO "E19"]
[WhiteElo "1914"]
[BlackElo "2104"]
[Annotator "NA"]
[PlyCount "73"]
[EventDate "2019.12.27"]
[EventType "team-tourn"]
[EventRounds "7"]
[EventCountry "GER"]
[SourceTitle "playchess.com"]
[Source "ChessBase"]
[SourceQuality "1"]
[WhiteTeam "ESV Gera"]
[BlackTeam "SC Turm Lüneburg"]
[WhiteTeamCountry "GER"]
[TimeControl "40/5400+30:1800+30"]

1. d4 Nf6 2. c4 e6 3. Nf3 b6 4. g3 Bb7 5. Bg2 Be7 6. O-O O-O 7. Nc3 Ne4 8. Qd3 Nxc3 9. Qxc3 d6 10. b3 f5 11. Bb2 Bf6 12. Rad1 Qe7 13. Qc1 Nd7 14. Rfe1 Rae8 15. Ba3 c5 16. Bb2 e5 17. dxe5 dxe5 18. Nh4 Bxg2 19. Nxg2 e4 20. Ne3 Bxb2 21. Qxb2 Ne5 22. Nd5 Qf7 23. Qd2 h6 24. Kg2 g5 25. f3 exf3+ 26. exf3 Qh5 27. Qc3 g4 28. Nf4 gxf3+ 29. Kh1 Qg4 30. Rxe5 f2 31. Rf1 Rxe5 32. Qxe5 Qf3+ 33. Ng2 Rd8 34. Qe6+ Kf8 35. Qf6+ Ke8 36. Qe6+ Kf8 37. Qf6+ {[%emt 0:00:28] normal} 1/2-1/2

[Event "DVM U14 2019"]
[Site "Magedburg"]
[Date "2019.12.28"]
[Round "4"]
[White "Stockmann, Till"]
[Black "Garner, Isaac"]
[Result "0-1"]
[ECO "B49"]
[WhiteElo "1894"]
[BlackElo "2040"]
[Annotator "NA"]
[PlyCount "66"]
[EventDate "2019.12.27"]
[EventType "team-tourn"]
[EventRounds "7"]
[EventCountry "GER"]
[SourceTitle "playchess.com"]
[Source "ChessBase"]
[SourceQuality "1"]
[WhiteTeam "Schachzwerge Magdeburg"]
[BlackTeam "Hamburger SK"]
[WhiteTeamCountry "GER"]
[BlackTeamCountry "GER"]
[TimeControl "40/5400+30:1800+30"]

1. e4 c5 2. Nf3 e6 3. d4 cxd4 4. Nxd4 Nc6 5. Nc3 Qc7 6. Be3 a6 7. Be2 b5 8. a3 Bb7 9. f4 Nf6 10. g4 b4 11. axb4 Bxb4 12. Bf3 Na5 13. Qd3 Nc4 14. Bc1 d5 15. exd5 Nxd5 16. O-O Bxc3 17. bxc3 O-O 18. Be4 g6 19. f5 exf5 20. gxf5 Rfe8 21. Bh6 Nb4 22. cxb4 Rxe4 23. Rf2 Ne5 24. Qd2 Rg4+ 25. Kf1 Qc4+ 26. Ne2 Qe4 27. Ng3 Rxg3 28. hxg3 Qh1+ 29. Ke2 Bf3+ 30. Rxf3 Qxf3+ 31. Ke1 Qh1+ 32. Ke2 Qxa1 33. f6 Qh1 {[%emt 0:01:02] normal} 0-1

[Event "DVM U14 2019"]
[Site "Magedburg"]
[Date "2019.12.28"]
[Round "4"]
[White "Heutling, Elina"]
[Black "Blome, Johannes"]
[Result "1/2-1/2"]
[ECO "B40"]
[WhiteElo "1796"]
[BlackElo "1877"]
[Annotator "NA"]
[PlyCount "64"]
[EventDate "2019.12.27"]
[EventType "team-tourn"]
[EventRounds "7"]
[EventCountry "GER"]
[SourceTitle "playchess.com"]
[Source "ChessBase"]
[SourceQuality "1"]
[WhiteTeam "Schachzwerge Magdeburg"]
[BlackTeam "Hamburger SK"]
[WhiteTeamCountry "GER"]
[BlackTeamCountry "GER"]
[TimeControl "40/5400+30:1800+30"]

1. e4 c5 2. Nf3 e6 3. c4 Nc6 4. Nc3 Nd4 5. d3 d6 6. Be3 e5 7. Nd5 Ne7 8. Nxe7 Bxe7 9. Nxd4 cxd4 10. Bd2 Bg5 11. Be2 O-O 12. O-O Bxd2 13. Qxd2 a5 14. f4 f5 15. Bf3 Qc7 16. Rac1 Ra6 17. exf5 Bxf5 18. Bd5+ Kh8 19. h3 Raa8 20. Rf3 Bd7 21. Qf2 Bc6 22. fxe5 Rxf3 23. Qxf3 dxe5 24. Rf1 h6 25. Be4 Bxe4 26. Qxe4 Qe7 27. Qd5 Ra6 28. Rf7 Qg5 29. Qxb7 Rg6 30. Rf8+ Kh7 31. Qa8 Qe3+ 32. Kh2 Qg3+ {[%emt 0:00:09] normal} 1/2-1/2

[Event "DVM U14 2019"]
[Site "Magedburg"]
[Date "2019.12.28"]
[Round "4"]
[White "Bildat, Emilia"]
[Black "Muller, Magnus"]
[Result "0-1"]
[ECO "A15"]
[WhiteElo "1754"]
[BlackElo "1481"]
[Annotator "NA"]
[PlyCount "58"]
[EventDate "2019.12.27"]
[EventType "team-tourn"]
[EventRounds "7"]
[EventCountry "GER"]
[SourceTitle "playchess.com"]
[Source "ChessBase"]
[SourceQuality "1"]
[WhiteTeam "SC Turm Lüneburg"]
[BlackTeam "ESV Gera"]
[BlackTeamCountry "FAI"]
[TimeControl "40/5400+30:1800+30"]

1. c4 Nf6 2. g3 c6 3. Bg2 d5 4. Nf3 g6 5. b3 Bg7 6. Bb2 O-O 7. O-O a5 8. d3 Re8 9. e3 Na6 10. d4 Bf5 11. a3 Rc8 12. Ne5 b5 13. c5 Nd7 14. Nd3 e5 15. g4 Bxd3 16. Qxd3 exd4 17. exd4 Naxc5 18. dxc5 Bxb2 19. Ra2 Bg7 20. b4 Ne5 21. Qg3 Ra8 22. Re2 axb4 23. axb4 Nc4 24. Rxe8+ Qxe8 25. Qb3 Be5 26. Rd1 Ra4 27. Bf1 Qe6 28. h3 Qf6 29. Rc1 Qf4 {[%emt 0:00:08] normal} 0-1

[Event "DVM U14 2019"]
[Site "Magedburg"]
[Date "2019.12.28"]
[Round "4"]
[White "Nied, Pascal"]
[Black "Eilenberg, Jonas"]
[Result "1/2-1/2"]
[ECO "C03"]
[WhiteElo "1717"]
[BlackElo "2112"]
[Annotator "NA"]
[PlyCount "50"]
[EventDate "2019.12.27"]
[EventType "team-tourn"]
[EventRounds "7"]
[EventCountry "GER"]
[SourceTitle "playchess.com"]
[Source "ChessBase"]
[SourceQuality "1"]
[WhiteTeam "SC Untergrombach"]
[BlackTeam "SV Königsjäger Süd-West"]
[BlackTeamCountry "GER"]
[TimeControl "40/5400+30:1800+30"]

1. e4 e6 2. d4 d5 3. Nd2 Be7 4. c3 c5 5. exd5 Qxd5 6. Bc4 Qd7 7. Ngf3 Nc6 8. dxc5 Bxc5 9. O-O Nf6 10. Nb3 Qxd1 11. Rxd1 Bb6 12. Nbd4 Nxd4 13. Nxd4 Bd7 14. h3 O-O 15. Be3 Rac8 16. Bb3 h6 17. Nc2 Bxe3 18. Nxe3 a5 19. Rd4 e5 20. Rd6 a4 21. Bd5 b5 22. a3 Rfd8 23. Rd1 Kf8 24. Bc6 Ke8 25. Bxd7+ {[%emt 0:02:03] normal} Nxd7 1/2-1/2

[Event "DVM U14 2019"]
[Site "Magedburg"]
[Date "2019.12.28"]
[Round "4"]
[White "Korek, Jakob Alexander"]
[Black "Burger, Tim"]
[Result "1/2-1/2"]
[ECO "A40"]
[WhiteElo "1656"]
[BlackElo "1250"]
[Annotator "NA"]
[PlyCount "59"]
[EventDate "2019.12.27"]
[EventType "team-tourn"]
[EventRounds "7"]
[EventCountry "GER"]
[SourceTitle "playchess.com"]
[Source "ChessBase"]
[SourceQuality "1"]
[WhiteTeam "SV Königsjäger Süd-West"]
[BlackTeam "SC Untergrombach"]
[WhiteTeamCountry "GER"]
[TimeControl "40/5400+30:1800+30"]

1. d4 e5 2. dxe5 Nc6 3. Nf3 Qe7 4. Bf4 Qb4+ 5. Bd2 Qxb2 6. Bc3 Bb4 7. Bxb4 Nxb4 8. Na3 Qxa3 9. Rb1 Qc3+ 10. Qd2 Qxd2+ 11. Kxd2 Nc6 12. e3 Nge7 13. Bd3 b6 14. Rhd1 d6 15. exd6 cxd6 16. Bb5 O-O 17. Ke2 Ne5 18. Rxd6 Nxf3 19. gxf3 Be6 20. a3 Nd5 21. Rb3 Rad8 22. Rxd8 Rxd8 23. Rd3 g6 24. c4 Nf4+ 25. exf4 Rxd3 26. Kxd3 Kf8 27. Kd4 Ke7 28. Ke5 f6+ 29. Kd4 Kd6 30. Ba4 {[%emt 0:01:33] normal} 1/2-1/2

[Event "DVM U14 2019"]
[Site "Magedburg"]
[Date "2019.12.28"]
[Round "4"]
[White "Abed, Karim"]
[Black "Toth, Marc"]
[Result "1-0"]
[ECO "D35"]
[WhiteElo "1513"]
[BlackElo "1564"]
[Annotator "NA"]
[PlyCount "74"]
[EventDate "2019.12.27"]
[EventType "team-tourn"]
[EventRounds "7"]
[EventCountry "GER"]
[SourceTitle "playchess.com"]
[Source "ChessBase"]
[SourceQuality "1"]
[WhiteTeam "SV Königsjäger Süd-West"]
[BlackTeam "SC Untergrombach"]
[WhiteTeamCountry "GER"]
[TimeControl "40/5400+30:1800+30"]

1. d4 d5 2. c4 e6 3. Nc3 Nf6 4. e3 Nbd7 5. Nf3 Be7 6. Bd3 O-O 7. O-O b6 8. cxd5 exd5 9. Qc2 Bb7 10. Rb1 c5 11. a3 Rc8 12. Bd2 Re8 13. b4 c4 14. Be2 a6 15. a4 Qc7 16. b5 a5 17. Bc1 Nf8 18. Nd2 Bd6 19. h3 Ng6 20. Re1 Bb4 21. Bb2 Rcd8 22. Qc1 Bc8 23. Ba3 Bd6 24. Bf3 Nh4 25. Ra1 Be6 26. Bxd6 Qxd6 27. e4 dxe4 28. Ncxe4 Qxd4 29. Nxf6+ Qxf6 30. Bc6 Rf8 31. Nxc4 Bxc4 32. Qxc4 Rd2 33. Qf1 Rfd8 34. Rad1 g6 35. Re8+ Kg7 36. Rxd2 Rxd2 37. Qd1 Qd8 {normal} 1-0

[Event "DVM U14 2019"]
[Site "Magedburg"]
[Date "2019.12.28"]
[Round "4"]
[White "Rennkamp, Johannes"]
[Black "Gerber, Anna Sophie"]
[Result "1-0"]
[ECO "A45"]
[WhiteElo "1493"]
[BlackElo "1513"]
[Annotator "NA"]
[PlyCount "119"]
[EventDate "2019.12.27"]
[EventType "team-tourn"]
[EventRounds "7"]
[EventCountry "GER"]
[SourceTitle "playchess.com"]
[Source "ChessBase"]
[SourceQuality "1"]
[WhiteTeam "SC Turm Lüneburg"]
[BlackTeam "ESV Gera"]
[BlackTeamCountry "GER"]
[TimeControl "40/5400+30:1800+30"]

1. d4 Nf6 2. Bg5 e6 3. e4 Be7 4. e5 Nd5 5. Bxe7 Nxe7 6. f4 d5 7. Bd3 b6 8. Nf3 Ba6 9. c3 Bxd3 10. Qxd3 Nd7 11. O-O c5 12. Nbd2 O-O 13. Ng5 Ng6 14. Nh3 cxd4 15. cxd4 f6 16. Nf3 Qe7 17. Rac1 Rfc8 18. Qa6 Qd8 19. g3 Rc7 20. Rc3 Rac8 21. Rfc1 Rxc3 22. Rxc3 Rxc3 23. bxc3 Qc7 24. Qd3 Nb8 25. Nf2 Nc6 26. Ng4 f5 27. Ne3 Na5 28. Nd2 Ne7 29. c4 dxc4 30. Ndxc4 Nxc4 31. Nxc4 b5 32. Nd6 a6 33. Qb3 Nd5 34. Qa3 Qc6 35. Qa5 Qb6 36. Qxb6 Nxb6 37. Kf2 Nd5 38. Ke1 Nc3 39. a3 Nb1 40. Nb7 Kf7 41. a4 bxa4 42. Nc5 a3 43. Nb3 Nc3 44. Kd2 Ne4+ 45. Kc2 Nf2 46. Nc1 Ne4 47. Kb3 Nd2+ 48. Kxa3 Nf1 49. Kb4 Nxh2 50. Ka5 h6 51. Kxa6 g5 52. fxg5 hxg5 53. Ne2 Ng4 54. Kb5 Ne3 55. Kc5 Ke7 56. Kc6 Nd5 57. Kc5 f4 58. gxf4 Nxf4 59. Nxf4 gxf4 60. Kc4 {normal} 1-0

[Event "DVM U14 2019"]
[Site "Magedburg"]
[Date "2019.12.28"]
[Round "4"]
[White "Richter, Simon"]
[Black "Boissel, Kasimir"]
[Result "1/2-1/2"]
[ECO "C50"]
[WhiteElo "1476"]
[BlackElo "1638"]
[Annotator "NA"]
[PlyCount "88"]
[EventDate "2019.12.27"]
[EventType "team-tourn"]
[EventRounds "7"]
[EventCountry "GER"]
[SourceTitle "playchess.com"]
[Source "ChessBase"]
[SourceQuality "1"]
[WhiteTeam "SC Untergrombach"]
[BlackTeam "SV Königsjäger Süd-West"]
[TimeControl "40/5400+30:1800+30"]

1. e4 e5 2. Nf3 Nf6 3. Nc3 Bc5 4. Bc4 Nc6 5. d3 d6 6. h3 Be6 7. Bb3 Qd7 8. Ne2 Ne7 9. Be3 Bb6 10. c3 Ng6 11. Bc2 d5 12. Bxb6 axb6 13. a4 dxe4 14. dxe4 O-O 15. Qxd7 Nxd7 16. O-O Bc4 17. Rfe1 Nc5 18. Nc1 h6 19. b3 Be6 20. b4 Nd7 21. Nd3 Rfe8 22. Nh2 Nf6 23. f3 Red8 24. Red1 Bc4 25. Nb2 Be2 26. Rxd8+ Rxd8 27. Bd1 Rd2 28. Bxe2 Rxb2 29. Bf1 Rb3 30. Rd1 Rxc3 31. Rd8+ Nf8 32. Rb8 Ra3 33. Rxb7 Rxa4 34. Rxc7 Rxb4 35. Bc4 N6d7 36. Bd5 b5 37. Ng4 Rb1+ 38. Kh2 b4 39. Rb7 h5 40. Ne3 g6 41. Nc4 Kg7 42. Nd6 f6 43. Bc6 Rd1 44. Ne8+ Kf7 {normal} 1/2-1/2

[Event "DVM U14 2019"]
[Site "Magedburg"]
[Date "2019.12.28"]
[Round "4"]
[White "Frank, Marek"]
[Black "Wusterack, Paul"]
[Result "1-0"]
[ECO "A20"]
[WhiteElo "1430"]
[BlackElo "1539"]
[Annotator "NA"]
[PlyCount "61"]
[EventDate "2019.12.27"]
[EventType "team-tourn"]
[EventRounds "7"]
[EventCountry "GER"]
[SourceTitle "playchess.com"]
[Source "ChessBase"]
[SourceQuality "1"]
[WhiteTeam "ESV Gera"]
[BlackTeam "SC Turm Lüneburg"]
[WhiteTeamCountry "GER"]
[TimeControl "40/5400+30:1800+30"]

1. c4 e5 2. g3 Nf6 3. Bg2 c6 4. d4 exd4 5. Qxd4 Na6 6. Nf3 Bc5 7. Qd1 h6 8. O-O O-O 9. a3 Nc7 10. b4 Be7 11. Qc2 a5 12. bxa5 Rxa5 13. Be3 Bc5 14. Nd4 Bxd4 15. Bxd4 Ne6 16. Bc3 Ra8 17. Rd1 Qe7 18. Be5 Ne8 19. Nd2 Rxa3 20. Rxa3 Qxa3 21. Ne4 f6 22. Bd6 Nxd6 23. Nxd6 Qa5 24. h4 f5 25. Bh3 f4 26. Nxc8 fxg3 27. fxg3 Qc5+ 28. Kh1 Rxc8 29. Rxd7 Nf8 30. Rxb7 Ra8 31. Qc3 {normal} 1-0

[Event "DVM U14 2019"]
[Site "Magedburg"]
[Date "2019.12.29"]
[Round "5"]
[White "Eilenberg, Jonas"]
[Black "Schroeter, Christopher"]
[Result "1-0"]
[ECO "D35"]
[WhiteElo "2112"]
[BlackElo "1618"]
[Annotator "ChessBase"]
[PlyCount "109"]
[EventDate "2019.12.27"]
[EventType "team-tourn"]
[EventRounds "7"]
[EventCountry "GER"]
[SourceTitle "playchess.com"]
[Source "ChessBase"]
[SourceQuality "1"]
[WhiteTeam "SV Königsjäger Süd-West"]
[BlackTeam "1. SC Anhalt"]
[WhiteTeamCountry "GER"]
[BlackTeamCountry "GER"]
[TimeControl "40/5400+30:1800+30"]

1. d4 d5 2. c4 e6 3. Nc3 Nf6 4. cxd5 exd5 5. Bg5 Bb4 6. e3 c6 7. Bd3 Nbd7 8. Nf3 Qc7 9. O-O Bxc3 10. bxc3 O-O 11. Rc1 Qa5 12. Qc2 Re8 13. Bh4 c5 14. Bg3 c4 15. Be2 Ne4 16. Nd2 Nxg3 17. hxg3 Nf6 18. Bf3 Bd7 19. Rfe1 b5 20. e4 Bc6 21. e5 Nd7 22. Nf1 b4 23. Ne3 Nb6 24. Qf5 Bd7 25. Qg5 h6 26. Qh5 bxc3 27. g4 Be6 28. g5 hxg5 29. Qxg5 Qa3 30. g3 Qe7 31. Qh5 g6 32. Qh2 Kg7 33. Qg2 Qd7 34. g4 Rh8 35. Qg3 Rh7 36. Rxc3 Rah8 37. Bg2 Rh4 38. f3 Qe7 39. f4 Qd8 40. Ra3 Qe7 41. Ra5 R8h6 42. f5 gxf5 43. gxf5+ Kh8 44. fxe6 Rg6 45. Rxa7 Qxa7 46. Qxh4+ Kg8 47. Qd8+ Kh7 48. e7 Qa5 49. Rf1 Qd2 50. Rxf7+ Rg7 51. Rxg7+ Kxg7 52. Qf8+ Kh7 53. Qf7+ Kh6 54. Qf4+ Kg7 55. Nf5+ {[%emt 0:00:04] normal} 1-0

[Event "DVM U14 2019"]
[Site "Magedburg"]
[Date "2019.12.29"]
[Round "5"]
[White "Garner, Isaac"]
[Black "Muller, Magnus"]
[Result "1-0"]
[ECO "C01"]
[WhiteElo "2040"]
[BlackElo "1481"]
[Annotator "NA"]
[PlyCount "57"]
[EventDate "2019.12.27"]
[EventType "team-tourn"]
[EventRounds "7"]
[EventCountry "GER"]
[SourceTitle "playchess.com"]
[Source "ChessBase"]
[SourceQuality "1"]
[WhiteTeam "Hamburger SK"]
[BlackTeam "ESV Gera"]
[WhiteTeamCountry "GER"]
[BlackTeamCountry "FAI"]
[TimeControl "40/5400+30:1800+30"]

1. e4 e6 2. d4 d5 3. exd5 exd5 4. Nf3 Nf6 5. Bd3 Bd6 6. Qe2+ Be6 {[%emt 0:00:21] unterminated} 7. Ng5 Qe7 {[%emt 0:00:37] unterminated} 8. Nxe6 fxe6 {[%emt 0:00:23] unterminated} 9. O-O $15 Nc6 10. c3 e5 11. Be3 O-O 12. Nd2 Rae8 13. Rae1 Qd7 14. Qd1 Ng4 15. g3 Nxe3 16. fxe3 e4 17. Bb5 Qh3 18. Rxf8+ Rxf8 19. Bf1 Qf5 20. Qe2 Ne7 21. Bg2 Qg5 22. c4 c6 23. cxd5 cxd5 24. Qb5 Nc6 25. Nxe4 Qf5 26. Rf1 Qe6 27. Nxd6 Rxf1+ 28. Kxf1 Qxd6 29. Qxd5+ {[%emt 0:00:06] normal} 1-0

[Event "DVM U14 2019"]
[Site "Magedburg"]
[Date "2019.12.29"]
[Round "5"]
[White "Morgenstern, Tobias"]
[Black "Kogan, Gabriel"]
[Result "1-0"]
[ECO "C64"]
[WhiteElo "1943"]
[BlackElo "1527"]
[Annotator "NA"]
[PlyCount "77"]
[EventDate "2019.12.27"]
[EventType "team-tourn"]
[EventRounds "7"]
[EventCountry "GER"]
[SourceTitle "playchess.com"]
[Source "ChessBase"]
[SourceQuality "1"]
[WhiteTeam "Schachzwerge Magdeburg"]
[BlackTeam "SG Porz"]
[WhiteTeamCountry "GER"]
[BlackTeamCountry "GER"]
[TimeControl "40/5400+30:1800+30"]

1. e4 e5 2. Nf3 Nc6 3. Bb5 Bc5 4. c3 Nf6 5. d3 d6 6. Nbd2 O-O 7. O-O a6 8. Ba4 Ba7 9. h3 Ne7 10. Re1 Ng6 11. Nf1 b5 12. Bc2 Re8 13. Ng3 h6 14. Nh2 Bd7 15. Qf3 Nh4 16. Qe2 Qc8 17. Nh5 Qd8 18. Nxf6+ Qxf6 19. Be3 Qg6 20. g4 Qf6 21. Bxa7 Rxa7 22. Qe3 Raa8 23. Qg3 Ng6 24. Nf1 Nf4 25. Ne3 h5 26. Ng2 hxg4 27. hxg4 Qg5 28. f3 Nxg2 29. Kxg2 Re6 30. Qf2 Rf6 31. Qe3 Rf4 32. Re2 Rf8 33. Bb3 g6 34. Rh1 Bxg4 35. fxg4 Qxg4+ 36. Kh2 Qh5+ 37. Kg1 Qg5+ 38. Rg2 Rf1+ 39. Kxf1 {normal} 1-0

[Event "DVM U14 2019"]
[Site "Magedburg"]
[Date "2019.12.29"]
[Round "5"]
[White "Schubert, Nikita"]
[Black "Weihrauch, Jakob"]
[Result "1/2-1/2"]
[ECO "A40"]
[WhiteElo "1914"]
[BlackElo "2169"]
[Annotator "ChessBase"]
[PlyCount "65"]
[EventDate "2019.12.27"]
[EventType "team-tourn"]
[EventRounds "7"]
[EventCountry "GER"]
[SourceTitle "playchess.com"]
[Source "ChessBase"]
[SourceQuality "1"]
[WhiteTeam "ESV Gera"]
[BlackTeam "Hamburger SK"]
[WhiteTeamCountry "GER"]
[BlackTeamCountry "GER"]
[TimeControl "40/5400+30:1800+30"]

1. d4 Nf6 2. c4 e6 3. g3 d5 4. Nf3 b6 5. Bg2 Bb7 6. Ne5 Be7 7. O-O O-O 8. Nc3 Ne4 9. cxd5 exd5 10. Qc2 Nxc3 11. bxc3 Qc8 12. Qb3 Qe6 13. Nd3 Bd6 14. Bf4 Nd7 15. Bxd6 Qxd6 16. Qc2 c5 17. dxc5 Nxc5 18. Rad1 Ne4 19. Nf4 Qc5 20. Nxd5 Bxd5 21. Rxd5 Qxd5 22. Bxe4 Qc4 23. Bxa8 Rxa8 24. Rd1 Rc8 25. Rd3 g6 26. Qd2 Kg7 27. h4 h5 28. Rd7 a5 29. Rd3 b5 30. Qb2 Rc5 31. Qd2 Rc8 32. Qb2 Rc5 33. Qd2 {[%emt 0:00:37] normal} 1/2-1/2

[Event "DVM U14 2019"]
[Site "Magedburg"]
[Date "2019.12.29"]
[Round "5"]
[White "Zeuner, Ole"]
[Black "Gallasch, Jonas"]
[Result "1/2-1/2"]
[ECO "B13"]
[WhiteElo "1794"]
[BlackElo "2107"]
[Annotator "ChessBase"]
[PlyCount "81"]
[EventDate "2019.12.27"]
[EventType "team-tourn"]
[EventRounds "7"]
[EventCountry "GER"]
[SourceTitle "playchess.com"]
[Source "ChessBase"]
[SourceQuality "1"]
[WhiteTeam "Schachzwerge Magdeburg"]
[BlackTeam "SG Porz"]
[WhiteTeamCountry "GER"]
[BlackTeamCountry "GER"]
[TimeControl "40/5400+30:1800+30"]

1. e4 c6 2. d4 d5 3. exd5 cxd5 4. Bf4 Nc6 5. c3 Nf6 6. Nd2 Bf5 7. Ngf3 a6 8. Qb3 Na5 9. Qd1 e6 10. Ne5 Be7 11. Ndf3 O-O 12. Bd3 Bxd3 13. Qxd3 Qc8 14. O-O b5 15. a4 b4 16. cxb4 Bxb4 17. Rfc1 Qb7 18. Ng5 h6 19. Ngxf7 Rxf7 20. Nxf7 Qxf7 21. Rc7 Qh5 22. Rac1 Qf5 23. Qxf5 exf5 24. Be5 Rf8 25. Ra7 Nc4 26. b3 Nxe5 27. dxe5 Ne4 28. Rcc7 Re8 29. Rxg7+ Kh8 30. Rh7+ Kg8 31. Rag7+ Kf8 32. Rc7 Kg8 33. Rxh6 a5 34. f4 d4 35. Rg6+ Kh8 36. Rh6+ Kg8 37. Rg6+ Kh8 38. Kf1 d3 39. Rd7 Nc5 40. Rh6+ Kg8 41. Rg6+ {[%emt 0:30:06] normal} 1/2-1/2

[Event "DVM U14 2019"]
[Site "Magedburg"]
[Date "2019.12.29"]
[Round "5"]
[White "Huo, Da"]
[Black "Gerber, Anna Sophie"]
[Result "1-0"]
[ECO "B40"]
[WhiteElo "1771"]
[BlackElo "1513"]
[Annotator "NA"]
[PlyCount "97"]
[EventDate "2019.12.27"]
[EventType "team-tourn"]
[EventRounds "7"]
[EventCountry "GER"]
[SourceTitle "playchess.com"]
[Source "ChessBase"]
[SourceQuality "1"]
[WhiteTeam "Hamburger SK"]
[BlackTeam "ESV Gera"]
[WhiteTeamCountry "GER"]
[BlackTeamCountry "GER"]
[TimeControl "40/5400+30:1800+30"]

1. e4 c5 2. Nf3 e6 3. d4 cxd4 4. Nxd4 Nf6 5. Nc3 Nc6 6. Be3 Bb4 7. Bd3 d5 8. Nxc6 bxc6 9. exd5 exd5 10. Bd2 Qe7+ 11. Qe2 Be6 12. O-O O-O 13. a3 Bd6 14. f4 Qc7 15. h3 Rfe8 16. Qf3 Rad8 17. Kh1 Bc8 18. b4 Bb7 19. Na4 Ne4 20. Bxe4 dxe4 21. Qe3 Ba6 22. Rfe1 f5 23. Rac1 Bc8 24. c4 Qf7 25. Nb2 Be6 26. Bc3 Rd7 27. c5 Be7 28. Be5 Bf6 29. Bxf6 Qxf6 30. Qc3 Qxc3 31. Rxc3 Rd2 32. Nc4 Bxc4 33. Rxc4 Ra2 34. g4 Rxa3 35. gxf5 Rxh3+ 36. Kg2 Rh5 37. Rcxe4 Rxe4 38. Rxe4 Rxf5 39. Kg3 Kf7 40. Rd4 Ke8 41. Rd6 Rf7 42. Rxc6 Rb7 43. Ra6 Rxb4 44. Rxa7 Rc4 45. Rxg7 Rxc5 46. Rxh7 Rf5 47. Kg4 Rf7 48. Rxf7 Kxf7 49. Kf5 {[%emt 0:00:00] normal} 1-0

[Event "DVM U14 2019"]
[Site "Magedburg"]
[Date "2019.12.29"]
[Round "5"]
[White "Sohr, Jim"]
[Black "Böhm, Florian"]
[Result "1-0"]
[ECO "A96"]
[WhiteElo "1730"]
[BlackElo "1445"]
[Annotator "NA"]
[PlyCount "67"]
[EventDate "2019.12.27"]
[EventType "team-tourn"]
[EventRounds "7"]
[EventCountry "GER"]
[SourceTitle "playchess.com"]
[Source "ChessBase"]
[SourceQuality "1"]
[WhiteTeam "SV Königsjäger Süd-West"]
[BlackTeam "1. SC Anhalt"]
[WhiteTeamCountry "GER"]
[TimeControl "40/5400+30:1800+30"]

1. d4 f5 2. c4 e6 3. Nf3 Nf6 4. g3 Be7 5. Bg2 d6 6. O-O O-O 7. Nc3 a6 8. Qc2 Nbd7 9. b3 Nh5 10. e4 fxe4 11. Nxe4 Nhf6 12. Neg5 Nb6 13. Re1 h6 14. Nxe6 Bxe6 15. Rxe6 d5 16. cxd5 Nbxd5 17. Bb2 Bd6 18. a3 Qd7 19. Rae1 Rae8 20. Rxe8 Rxe8 21. Rxe8+ Qxe8 22. Ne5 c6 23. Qf5 Bxe5 24. dxe5 Qd7 25. Qxd7 Nxd7 26. Bh3 Nf8 27. Bc8 b5 28. Bxa6 b4 29. Bb7 Ng6 30. Bxc6 bxa3 31. Bxd5+ Kh8 32. Bxa3 Nxe5 33. f4 Nd7 34. Bc6 {[%emt 0:01:08] normal} 1-0